Map: Ruines d’Endion

Players

zidar

  • Race: Zerg Zerg
  • League: Gold
  • Spawn Location: 5:00

nohandgamer - Winner!

  • Race: Protoss Protoss
  • League: Bronze
  • Spawn Location: 7:00

VOD

Have the link to the VOD?

Description

Time

  • Played on: June 8, 2016, 3:26 p.m.
  • Length: 11:59
Show
View Real Time Build Order
Export as new Build Order

zidar Zerg 

Build Orders: Pool First 

Get SALT Encoding   

  12  0:01  Drone  
  13  0:13  Overlord  
  13  0:18  Drone  
  14  0:31  Drone x2  
  16  0:39  Drone  
  17  0:49  Spawning Pool  
  16  0:51  Drone  
  17  1:17  Hatchery  
  16  1:25  Drone  
  16  1:28  Extractor  
  16  1:31  Drone  
  17  1:35  Drone  
  17  1:36  Queen  
  20  1:51  Overlord  
  20  1:54  Zergling x2  
  21  2:02  Drone  
  22  2:14  Queen  
  24  2:28  Zergling x4, Metabolic Boost  
  26  2:33  Zergling x4  
  28  2:49  Zergling x4  
  30  2:53  Zergling x8  
  26  4:03  Zergling x2  
  26  4:04  Zergling x8  
  27  4:24  Roach Warren  
  26  4:35  Spore Crawler  
  22  4:57  Drone x6  
  22  4:58  Drone x6  
  32  5:21  Overlord x2  
  32  5:22  Overlord  
  32  5:30  Extractor  
  32  5:31  Lair  
  32  5:33  Drone  
  32  5:34  Drone x2  
  34  5:35  Extractor  
  34  5:38  Roach  
  34  5:39  Roach x2  
  39  5:43  Roach x4  
  41  6:20  Roach  
  41  6:21  Roach x8, Zergling x2  
  58  6:47  Zergling x2  
  58  6:48  Zergling x2  
  58  6:50  Overlord x3  
  58  6:51  Overlord  
  60  7:04  Overlord x2  
  60  7:05  Overlord  
  60  7:06  Overlord  
  58  7:31  Spore Crawler  
  54  7:38  Spore Crawler  
  54  7:42  Spore Crawler  
  34  7:53  Zergling x18  
  34  7:54  Zergling x10  
  44  9:07  Hatchery  
  33  9:22  Hatchery  
  27  9:49  Zergling x20  
  29  10:07  Drone x3  
  32  10:21  Zergling x8  
  36  10:29  Zergling x12  
  28  11:08  Zergling x14  
  35  11:31  Zergling x2  
  35  11:32  Zergling x8  
Show
View Real Time Build Order
Export as new Build Order

nohandgamer Protoss - Winner!

Build Orders: 1 Gate Expand 

Get SALT Encoding   

  12  0:00  Probe (Chrono Boost)  
  13  0:14  Pylon  
  13  0:17  Probe (Chrono Boost)  
  14  0:28  Probe (Chrono Boost)  
  15  0:36  Gateway  
  15  0:39  Probe (Chrono Boost)  
  16  0:49  Probe (Chrono Boost)  
  17  0:55  Assimilator  
  17  1:00  Probe (Chrono Boost)  
  18  1:10  Probe (Chrono Boost)  
  19  1:24  Nexus  
  19  1:37  Cybernetics Core  
  19  1:38  Probe (Chrono Boost)  
  20  1:49  Probe (Chrono Boost)  
  21  1:57  Gateway  
  21  2:06  Probe (Chrono Boost), Pylon  
  22  2:14  Warp Gate  
  22  2:19  Adept  
  22  2:21  Assimilator  
  23  2:38  Probe (Chrono Boost)  
  23  2:39  Mothership Core (Chrono Boost), Pylon  
  26  2:45  Gateway  
  26  2:48  Pylon  
  26  2:52  Probe (Chrono Boost)  
  26  2:57  Probe (Chrono Boost)  
  28  3:10  Gateway  
  28  3:19  Stargate  
  28  3:24  Probe (Chrono Boost)  
  27  3:34  Probe x2 (Chrono Boost)  
  27  3:35  Adept  
  31  3:49  Probe x2 (Chrono Boost)  
  31  3:51  Adept  
  35  3:57  Adept  
  35  4:00  Probe (Chrono Boost)  
  34  4:07  Oracle, Probe (Chrono Boost)  
  38  4:10  Probe (Chrono Boost)  
  39  4:18  Gateway  
  39  4:19  Probe (Chrono Boost)  
  40  4:31  Probe x2 (Chrono Boost)  
  42  4:44  Phoenix, Twilight Council  
  44  5:17  Probe (Chrono Boost)  
  44  5:20  Nexus  
  42  5:26  Phoenix  
  44  5:32  Resonating Glaives  
  44  5:33  Probe (Chrono Boost)  
  45  5:38  Sentry  
  47  5:44  Pylon  
  47  5:46  Pylon  
  47  6:03  Probe (Chrono Boost)  
  48  6:15  Probe (Chrono Boost)  
  48  6:18  Stalker x3  
  53  6:46  Nexus  
  53  6:48  Probe, Phoenix (Chrono Boost)  
  53  6:50  Probe  
  53  6:52  Stalker x2  
  61  6:58  Pylon  
  61  7:07  Probe, Stalker  
  63  7:09  Probe  
  65  7:15  Pylon  
  65  7:16  Phoenix (Chrono Boost)  
  65  7:21  Probe  
  65  7:22  Probe  
  64  7:25  Stalker  
  67  7:33  Probe  
  64  7:37  Stalker x2  
  60  8:00  Assimilator  
  60  8:03  Phoenix (Chrono Boost), Pylon  
  60  8:04  Pylon  
  62  8:05  Pylon  
  62  8:17  Sentry  
  62  8:27  Probe  
  62  8:28  Forge  
  62  8:29  Probe  
  62  8:32  Stalker  
  66  8:39  Probe  
  67  8:41  Probe  
  67  8:44  Phoenix (Chrono Boost)  
  69  8:50  Pylon  
  69  8:51  Pylon  
  69  8:54  Pylon  
  69  8:55  Assimilator  
  69  9:05  Phoenix (Chrono Boost)  
  65  9:15  Zealot x3  
  59  9:35  Sentry x2  
  57  9:43  Zealot  
  57  9:51  Phoenix (Chrono Boost)  
  57  10:04  Stalker x2  
  57  10:05  Stalker  
  63  10:09  Forge  
  63  10:12  Probe  
  63  10:14  Probe  
  63  10:17  Gateway x3  
  63  10:21  Gateway  
  65  10:25  Gateway  
  65  10:31  Phoenix (Chrono Boost)  
  67  10:39  Nexus  
  56  10:50  Sentry x2  
  56  10:51  Adept  
  58  11:15  Adept, Stalker  
  58  11:16  Sentry  
  58  11:17  Zealot  
  66  11:20  Probe  
  66  11:21  Phoenix (Chrono Boost)  
  66  11:22  Probe  
  70  11:30  Zealot x3  
  70  11:31  Zealot  
  78  11:33  Adept  
  80  11:51  Pylon  
  81  11:57  Adept  
  81  11:58  Adept x4  
Tags
 
Add a new tag
Caveats
  • Supply blocks, unpowered buildings, or Contaminate may cause inaccurate times.
  • Supply counts are checked every 10 seconds.